 Dungeon Crawl Stone Soup version 0.27-a0-1184-ge86db4a01e (webtiles) character file.

Game seed: 17507280262166932164

371 mordus the Poker (level 6, -8/47 HPs)
             Began as a Demonspawn Fighter on Oct 2, 2020.
             Killed from afar by an orc (16 damage)
             ... with a bolt of acid
             ... on level 4 of the Dungeon on May 18, 2021.
             The game lasted 00:07:48 (3205 turns).

mordus the Poker (Demonspawn Fighter)               Turns: 3205, Time: 00:07:48

Health: -8/47      AC:  4    Str: 18    XL:     6   Next: 42%
Magic:  0/6        EV:  7    Int:  9    God:
Gold:   215        SH:  9    Dex: 13    Spells: 5/5 levels left

rFire    . . .     SeeInvis .   a - +0 trident
rCold    . . .     Faith    .   c - +0 kite shield
rNeg     . . .     Spirit   +   b - +0 scale mail
rPois    .         Reflect  .   (helmet restricted)
rElec    .         Harm     .   r - +0 cloak
rCorr    .         Rampage  .   (no gloves)
Will     .....                  (no boots)
Stlth    ..........             j - amulet of guardian spirit
HPRegen  0.15/turn              (no ring)
MPRegen  0.10/turn              (no ring)

@: corroded
A: antennae 2, powered by death 1
a: no special abilities


You were on level 4 of the Dungeon.
You visited 2 branches of the dungeon, and saw 5 of its levels.

You collected 215 gold pieces.

Inventory:

Hand Weapons
 a - a +0 trident (weapon)
Armour
 b - a +0 scale mail (worn)
 c - a +0 kite shield (worn)
 r - a +0 cloak (worn)
Jewellery
 j - an amulet of guardian spirit (around neck)
 p - a ring of wizardry
 q - a ring of see invisible
Scrolls
 e - 5 scrolls of removedness
 f - 2 scrolls of identify {unknown}
 h - a scroll of fog {unknown}
 k - 2 scrolls of magic mapping {unknown}
 m - 2 scrolls of amnesia {unknown}
 n - a scroll of immolation {unknown}
 o - a scroll of teleportation {unknown}
 t - a scroll of vulnerability {unknown}
Potions
 d - a potion of might
 g - a potion of flight {unknown}
 i - a potion of degeneration {unknown}
 l - a potion of berserk rage {unknown}
 s - a potion of resistance {unknown}


   Skills:
 - Level 3.0 Fighting
 * Level 4.6 Polearms
 + Level 4.0 Armour
 + Level 4.0 Shields


You had 5 spell levels left.
You didn't know any spells.
Your spell library was empty.

Dungeon Overview and Level Annotations

Branches:
Dungeon (4/15)             Temple (1/1) D:4

Altars:
Ashenzari
Dithmenos
Elyvilon
Fedhas
Hepliaklqana
Kikubaaqudgha
Makhleb
Okawaru
Qazlal
Sif Muna
Uskayaw
Vehumet
Wu Jian
Xom
Zin
The Shining One


Innate Abilities, Weirdness & Mutations

You have a pair of antennae on your head.
You regenerate a little health from kills.


Message History

You barely miss the orc. The orc barely misses you.
Something hits you but does no damage.
Unknown command.
You miss something. The orc hits you but does no damage.
Something hits you but does no damage. The orc hits you but does no damage.
You closely miss something. You block something's attack.
The orc hits you but does no damage. Something hits you but does no damage.
You closely miss something. The orc hits you but does no damage.
Something hits you.
You puncture something!
Reactivating autopickup.
You feel a bit more experienced.
Your Armour skill increases to level 4!
You hit the orc but do no damage. You block the orc's attack. x2
You puncture the orc!
You kill the orc!
The orc hits you with a +0 whip. The orc hits you but does no damage.
You hit the orc.
You kill the orc!
Items here: )) [[ †.
Okay, then.
Items here: )) [[ †.
Okay, then.
An orc comes into view.
It is wielding a +0 flail and carrying a wand of acid (3).
Unknown command.
The orc shouts!
The orc throws a stone.
The stone hits you but does no damage.
Found 22 sling bullets.
You start waiting.
An orc is nearby!
The orc zaps a wand.
The bolt of acid hits you!
You are splashed with acid!
You hit the orc.
The orc is heavily wounded.
The orc zaps a wand.
The bolt of acid hits you. The acid corrodes you!
You are splashed with acid!
* * * LOW HITPOINT WARNING * * *
You hit the orc.
The orc is severely wounded.
The orc zaps a wand.
The bolt of acid hits you!
You die...

### # ### ## ....##.##### #..
.# ...........#######..#####..
#.# #...)......(.........# #.#
#.# #.......# #.# #.# #..8...#
#####.# #@# #....... #.....#
###o# #......# #.##..### #.).#
# ####..#...#
#.#.....####)#####.##....##.###
###....#................{..##.#
#.....###.........#####.<.###.#
#.##..###..##........###### #)#
..###..#.o###.....##.# #)#
...##.....##....#... # #.#


You could see an orc.

Vanquished Creatures
  A necrophage (D:4)
  A centaur zombie (D:4)
  Crazy Yiuf (D:4)
  An orc priest (D:4)
  An iguana (D:4)
  2 orc wizards (D:4)
  A hound zombie (D:4)
  2 adders
  2 adder zombies (D:4)
  An adder skeleton (D:4)
  A worm (D:3)
  A dart slug (D:1)
  6 orcs (D:4)
  2 ball pythons (D:1)
  An endoplasm (D:3)
  A giant cockroach (D:1)
  4 hobgoblins
  4 jackals
  8 kobolds
  3 bats
  7 frilled lizards
  5 goblins
  6 rats
62 creatures vanquished.

Vanquished Creatures (others)
  An orc wizard (D:4)
1 creature vanquished.

Grand Total: 63 creatures vanquished

Notes
Turn   | Place    | Note
-------+----------+-------------------------------------------
     0 | D:1      | mordus the Demonspawn Fighter began the quest for the Orb.
     0 | D:1      | Reached XP level 1. HP: 18/18 MP: 1/1
   115 | D:1      | Gained mutation: You have a pair of small antennae on your
                  | head. [demonic ancestry]
   115 | D:1      | Reached XP level 2. HP: 24/24 MP: 2/2
   551 | D:2      | Upgraded the game from 0.26-a0-652-gafc20e3620 to
                  | 0.26-a0-660-gc07710193c
   551 | D:2      | Upgraded the game from 0.26-a0-660-gc07710193c to
                  | 0.27-a0-1184-ge86db4a01e
   753 | D:2      | Reached XP level 3. HP: 29/29 MP: 3/3
  2049 | D:4      | Gained mutation: You have a pair of antennae on your head.
                  | [demonic ancestry]
  2049 | D:4      | Reached XP level 4. HP: 31/35 MP: 4/4
  2364 | D:4      | Gained mutation: You regenerate a little health from kills.
                  | [demonic ancestry]
  2364 | D:4      | Reached XP level 5. HP: 41/41 MP: 5/5
  2622 | D:4      | Found a runed translucent door.
  2623 | D:4      | Noticed Crazy Yiuf
  2633 | D:4      | Killed Crazy Yiuf
  2821 | D:4      | Found a staircase to the Ecumenical Temple.
  2822 | D:4      | Noticed a necrophage
  2837 | D:4      | Killed a necrophage
  2838 | D:4      | Reached XP level 6. HP: 44/47 MP: 6/6
  2853 | Temple   | Entered the Ecumenical Temple
  3002 | D:4      | Found a shadowy altar of Dithmenos.
  3205 | D:4      | Killed from afar by an orc

Illustrated notes

Levels and vault maps discovered:
D:1:      tarquinn_simple_flora_water_e, layout_rooms
D:2:      layout_loops_ring
D:3:      layout_loops_ring, serial_forest, infiniplex_forest_straight_1,
          infiniplex_forest_end_3, infiniplex_forest_lined_room_3,
          infiniplex_forest_join, infiniplex_forest_end_3,
          infiniplex_forest_clump_small
D:4:      layout_loops_ring, nicolae_overflow_crystal_walls,
          nicolae_dithmenos_shadow_blocks, minmay_temple_entry_sparse_star,
          serial_undead, serial_undead_d, serial_undead_d, serial_undead_f,
          serial_undead_d, serial_undead_f, uniq_crazy_yiuf_cottage
Temple:   nicolae_temple_great_sept

Skill      XL: |  1  2  3  4  5  6 |
---------------+-------------------+-----
Polearms       | 2 3 4 |  4.6
Armour         | 3 4 |  4.0
Shields        | 3 4 |  4.0
Fighting       | |  3.0

Action                   |  1- 3 |  4- 6 || total
-------------------------+-------+-------++-------
Melee: Trident           |   146 |   127 ||   273
 Stab: Distracted        |     1 |       ||     1
Armor: Scale mail        |    56 |    65 ||   121
Dodge: Dodged            |    31 |    28 ||    59
Block: Kite shield       |    66 |    49 ||   115

Table legend: (Time is in decaauts)
 A = Elapsed time spent in this place.
 B = Non-inter-level travel time spent in this place.
 C = Inter-level travel time spent in this place.
 D = Time resting spent in this place.
 E = Time spent auto-exploring this place.
 F = Levels seen in this place.
 G = Mean time per level.
                   A        B        C        D        E       F      G
               +--------+--------+--------+--------+--------+-----+--------+
         Total |   3298 |   3225 |     73 |    214 |   2377 |   5 |  659.6 |
       Dungeon |   3217 |   3144 |     73 |    214 |   2328 |   4 |  804.2 |
        Temple |     80 |     80 |      0 |      0 |     49 |   1 |   80.0 |
               +--------+--------+--------+--------+--------+-----+--------+

Top non-repeatable levels by time:
     D:4: 1130 daAuts
     D:3: 924 daAuts
     D:2: 708 daAuts
     D:1: 453 daAuts
  Temple: 80 daAuts
